 Dungeon Crawl Stone Soup version 0.17.2-1-ge4368a0 (webtiles) character file.

117 jacquesderrida the Insei (level 5, 17/27 HPs)
             Began as a Vine Stalker Wanderer on Sept 28, 2016.
             Quit the game on level 3 of the Dungeon.
             The game lasted 00:06:23 (964 turns).

jacquesderrida the Insei (Vine Stalker Wanderer)     Turns: 964, Time: 00:06:24

Health: 17/27      AC:  6    Str: 14    XL:     5   Next: 1%
Magic:  6/7        EV: 14    Int: 11    God:
Gold:   112        SH:  0    Dex: 21    Spells: 0 memorised, 4 levels left

rFire  . . .     SeeInvis .       - Unarmed
rCold  . . .     Clarity  .     n - +0 scale mail
rNeg   . . .     SustAt   .     (no shield)
rPois  .         Gourm    .     (no helmet)
rElec  .         Spirit   +     (no cloak)
rCorr  .         Warding  .     (no gloves)
rMut   .         Stasis   .     (no boots)
MR     .....                    (no amulet)
Stlth  +.........               (no ring)
                                (no ring)

@: agile, lethally poisoned (17 -> -1), not resistant to hostile enchantments,
very unstealthy
A: fangs 2, regeneration 1, magic shield, antimagic bite, no device heal 3, rot
immunity
a: no special abilities


You were on level 3 of the Dungeon.
You were not hungry.

You visited 1 branch of the dungeon, and saw 3 of its levels.

You collected 112 gold pieces.

Inventory:

Hand Weapons
 a - a +2 shortbow
 d - a +0 mace
Missiles
 b - 4 arrows
 k - 7 javelins (quivered)
Armour
 c - a +0 ring mail
 n - a +0 scale mail (worn)
Scrolls
 f - 3 scrolls of identify {unknown}
 g - 2 scrolls of teleportation {unknown}
 h - a scroll of remove curse {unknown}
 j - a scroll of fear {unknown}
 l - a scroll of enchant armour {unknown}
 m - a scroll of noise {unknown}
Comestibles
 e - a bread ration


   Skills:
 + Level 2.7 Fighting
 - Level 1.7 Maces & Flails
 - Level 1.7 Bows
 - Level 2.4 Armour
 * Level 3.3 Unarmed Combat
   Level 1.7 Evocations


You had 4 spell levels left.
You didn't know any spells.

Dungeon Overview and Level Annotations

Branches:
Dungeon (3/15)

Altars:
Gozag
Nemelex Xobeh
Ru
The Shining One

Shops:
D:2 *

Annotations:
D:3 Ijyb, Robin


Innate Abilities, Weirdness & Mutations

You have extremely sharp teeth.
Your natural rate of healing is unusually fast.
When hurt, damage is shared between your health and your magic reserves.
Your bite disrupts and absorbs the magic of your enemies.
Potions and wands cannot restore your health.
You are immune to rotting.


Message History

Unknown command.
Unknown command.
Unknown command.
Unknown command.
Unknown command.
Unknown command.
Drink which item? (? for menu, Esc to quit)
It was a potion of heal wounds.
That seemed strangely inert.
You feel sick. Ijyb hits you but does no damage.
You are lethally poisoned!
Drink which item? (? for menu, Esc to quit)
It was a potion of agility.
You feel agile all of a sudden.
You feel sick.
Ijyb zaps a wand.
You suddenly lose the ability to move!
You feel very sick.
Ijyb zaps a wand.
You resist with some effort.
You can move again.
Unknown command.
Unknown command.
Are you sure you want to abandon this character and quit the game? (Confirm with "yes".)

## . . #### # ..#### #....
##### ......#####.....
....# #...........# ###
###.########.....#### #..#
# #.##..#..#.....#..#..#.##
###.##..#..#..#.@#..#...g.g
......)....'..#..g......#
###.#.....#########†....#
#.##.....+..#_.'.....##
#.#...#..#..#..≈..≈..#
#.#...#..#.....≈..≈..#
#...######.....≈≈≈≈≈≈# #
###. #())........≈..# #
#.......)#####......#


You could see Ijyb.

Vanquished Creatures
  An orc wizard (D:3)
  A worker ant (D:3)
  An adder (D:2)
  3 worms
  2 giant geckos
  5 orcs (D:3)
  2 bats
  A giant cockroach (D:3)
  8 goblins
  2 hobgoblins
  5 jackals (D:1)
  5 kobolds
  2 quokkas
  2 rats
40 creatures vanquished.

Notes
Turn   | Place    | Note
--------------------------------------------------------------
     0 | D:1      | jacquesderrida the Vine Stalker Wanderer began the quest for the Orb.
     0 | D:1      | jacquesderrida set off with: a +2 shortbow, 27 arrows, a +0 ring mail, a +0 mace, a bread ration
     0 | D:1      | Reached XP level 1. HP: 10/10 MP: 3/3
   112 | D:1      | Reached skill level 1 in Unarmed Combat
   112 | D:1      | Reached XP level 2. HP: 14/14 MP: 4/4
   276 | D:2      | Found Gozag's Platinum Reserve.
   344 | D:2      | Found an opulent altar of Gozag.
   360 | D:2      | SPS
   425 | D:2      | Reached XP level 3. HP: 13/18 MP: 2/5
   504 | D:3      | Reached XP level 4. HP: 8/23 MP: 2/6
   534 | D:2      | Found a sparkling altar of Nemelex Xobeh.
   534 | D:2      | Found a glowing golden altar of the Shining One.
   710 | D:3      | Reached skill level 3 in Unarmed Combat
   769 | D:3      | BLYA
   885 | D:3      | PLS
   907 | D:3      | Noticed Robin
   908 | D:3      | Found a sacrificial altar of Ru.
   924 | D:3      | Reached XP level 5. HP: 25/27 MP: 7/7
   941 | D:3      | Noticed Ijyb
   941 | D:3      | Paralysed by Ijyb for 2 turns
   953 | D:3      | Paralysed by Ijyb for 7 turns
   962 | D:3      | Paralysed by Ijyb for 2 turns
   964 | D:3      | Quit the game

Action                   |  1- 3 |  4- 6 || total
-------------------------+-------+-------++-------
Melee: Unarmed           |       |    44 ||    44
 Fire: Shortbow          |    66 |    24 ||    90
Throw: Javelin           |       |     3 ||     3
  Use: Potion            |       |     2 ||     2
